Map: [ESL] Dragon Scales

Players

Rex

  • Race: Zerg Zerg
  • Spawn Location: 11:00

Cyan - Winner!

  • Race: Protoss Protoss
  • Spawn Location: 5:00

Event: ESL SC2 Masters 2023 Summer (Regionals)

VOD

Have the link to the VOD?

Description

Time

  • Played on: May 9, 2023, 7:15 a.m.
  • Length: 13:10

All games in this series

Show
View Real Time Build Order
Export as new Build Order

Rex Zerg 

Build Orders: Hatch First 

Get SALT Encoding   

  12  0:00  Drone  
  13  0:13  Overlord  
  13  0:17  Drone  
  14  0:31  Drone x2  
  16  0:51  Hatchery  
  16  0:52  Drone  
  16  0:55  Drone  
  17  0:59  Drone  
  18  1:09  Extractor  
  17  1:14  Spawning Pool  
  17  1:16  Drone  
  17  1:20  Drone  
  18  1:28  Drone  
  19  1:40  Drone  
  20  1:50  Overlord  
  20  2:01  Queen  
  20  2:02  Queen  
  20  2:03  Zergling x4  
  26  2:12  Drone  
  26  2:14  Drone, Metabolic Boost  
  28  2:23  Drone  
  28  2:24  Drone  
  30  2:37  Hatchery  
  30  2:41  Queen  
  31  2:47  Drone x2  
  33  2:51  Overlord  
  33  2:56  Drone  
  33  2:58  Drone x2  
  35  3:06  Overlord  
  35  3:10  Queen  
  35  3:12  Drone  
  38  3:13  Drone  
  38  3:15  Drone  
  40  3:21  Queen  
  40  3:23  Drone  
  40  3:26  Drone  
  44  3:29  Drone  
  44  3:31  Drone x2  
  47  3:43  Drone x4  
  47  3:45  Overlord  
  51  3:49  Queen  
  53  3:56  Drone  
  53  3:57  Overlord  
  54  4:03  Zergling x6, Roach Warren  
  54  4:04  Zergling x2  
  54  4:06  Zergling x2  
  58  4:11  Spore Crawler  
  58  4:15  Zergling x4, Spore Crawler  
  58  4:16  Zergling x2  
  59  4:18  Zergling x2  
  59  4:21  Spore Crawler  
  59  4:23  Zergling x2  
  59  4:24  Zergling x2  
  60  4:28  Zergling x6  
  63  4:34  Overlord  
  63  4:47  Drone x2  
  63  4:48  Drone x5  
  63  4:50  Drone x3  
  63  4:51  Drone  
  63  4:52  Drone  
  73  4:54  Spore Crawler  
  72  5:02  Drone  
  72  5:03  Drone x3  
  72  5:05  Drone  
  72  5:06  Lair  
  77  5:10  Drone x2  
  77  5:11  Extractor  
  77  5:12  Extractor  
  77  5:13  Drone x2  
  79  5:16  Extractor  
  79  5:17  Evolution Chamber  
  79  5:19  Drone  
  78  5:22  Drone  
  78  5:23  Drone x3  
  82  5:31  Overlord x2  
  82  5:35  Extractor  
  81  5:36  Drone  
  81  5:43  Zerg Missile Weapons Level 1  
  78  5:55  Drone x4  
  76  5:57  Roach  
  76  5:58  Roach x3  
  76  6:02  Roach x4  
  89  6:12  Drone x5  
  89  6:18  Roach  
  96  6:19  Overlord  
  96  6:20  Overlord  
  96  6:22  Ravager, Glial Reconstitution  
  96  6:23  Overlord  
  96  6:24  Overlord  
  97  6:26  Overlord, Overseer  
  97  6:33  Overseer  
  97  6:34  Drone  
  97  6:43  Roach x8  
  112  6:47  Drone x2  
  112  6:53  Roach x3  
  120  6:56  Roach x2  
  120  6:57  Hatchery  
  123  7:04  Roach  
  125  7:10  Roach x2  
  125  7:11  Overlord x3  
  129  7:16  Overlord  
  129  7:18  Overlord  
  129  7:23  Overlord  
  129  7:25  Overlord  
  135  7:30  Roach x3  
  135  7:32  Overlord  
  135  7:33  Overlord  
  135  7:37  Overseer  
  135  7:38  Zerg Missile Weapons Level 2  
  135  7:40  Roach x4  
  143  7:46  Roach x6  
  143  7:48  Ravager x2  
  143  7:50  Roach  
  159  7:55  Roach x3  
  159  7:56  Ravager  
  166  8:02  Overlord  
  166  8:03  Roach, Zergling x4  
  169  8:07  Roach  
  169  8:12  Roach x2  
  173  8:17  Roach x6  
  173  8:18  Roach  
  187  8:24  Zergling x6  
  190  8:29  Zergling x2  
  190  8:30  Zergling x2  
  186  8:38  Roach x6  
  167  8:42  Zergling x6  
  167  8:43  Overseer  
  167  8:47  Zergling x10  
  172  8:50  Drone, Spore Crawler  
  172  8:53  Baneling Nest, Ravager  
  172  9:01  Zergling x14  
  174  9:06  Roach, Zergling x2  
  174  9:07  Roach  
  176  9:12  Overlord  
  176  9:13  Roach x4, Overseer  
  184  9:20  Roach x4  
  191  9:25  Ravager x3  
  191  9:28  Roach x3  
  199  9:51  Roach x3  
  196  9:59  Roach  
  198  10:00  Roach  
  198  10:02  Roach  
  198  10:06  Roach  
  190  10:07  Roach  
  190  10:08  Roach, Zergling x2  
  190  10:13  Roach x5  
  194  10:20  Overlord x3  
  194  10:23  Hatchery  
  188  10:29  Roach  
  188  10:32  Roach  
  188  10:33  Roach x2  
  179  10:40  Roach  
  179  10:41  Roach x2  
  157  10:43  Roach  
  157  10:46  Roach  
  115  10:50  Roach  
  115  10:53  Roach  
  115  10:54  Roach x2  
  113  10:57  Roach  
  113  11:02  Roach  
  115  11:09  Roach  
  113  11:13  Roach  
  113  11:14  Ravager  
  113  11:15  Ravager x2  
  120  11:18  Roach  
  120  11:21  Extractor  
  120  11:22  Hatchery  
  120  11:23  Roach  
  120  11:24  Roach x2, Zergling x2  
  125  11:28  Roach  
  125  11:31  Roach  
  125  11:32  Roach  
  131  11:34  Roach  
  133  11:40  Ravager  
  133  11:45  Roach  
  136  11:48  Roach  
  136  11:50  Roach  
  143  11:54  Roach, Zergling x2  
  143  11:55  Zergling x2  
  143  11:57  Spore Crawler  
  143  11:59  Roach, Zergling x2  
  146  12:08  Roach x4  
  152  12:16  Roach x3  
  152  12:22  Roach x3  
  160  12:29  Overseer  
  145  12:34  Roach  
  145  12:35  Roach x4, Zergling x2  
  152  12:44  Roach  
  152  12:47  Roach x3, Drone, Zergling x2  
  152  12:49  Roach  
  138  12:52  Zergling x2  
Show
View Real Time Build Order
Export as new Build Order

Cyan Protoss - Winner!

Build Orders: 1 Gate Expand, Archon Immortal, Archon Drop, Dark Templar Rush 

Get SALT Encoding   

  12  0:00  Probe  
  13  0:14  Pylon  
  13  0:17  Probe (Chrono Boost)  
  14  0:27  Probe (Chrono Boost)  
  15  0:32  Probe (Chrono Boost)  
  16  0:42  Gateway  
  16  0:43  Probe  
  16  0:48  Assimilator  
  17  0:55  Probe  
  18  1:08  Probe  
  19  1:20  Probe  
  19  1:24  Nexus  
  20  1:34  Cybernetics Core  
  20  1:37  Probe  
  21  1:42  Assimilator  
  21  1:49  Probe  
  21  1:52  Pylon  
  22  2:01  Probe (Chrono Boost)  
  23  2:08  Adept (Chrono Boost)  
  23  2:11  Warp Gate  
  23  2:12  Probe (Chrono Boost)  
  26  2:16  Probe (Chrono Boost)  
  26  2:20  Twilight Council  
  27  2:27  Probe (Chrono Boost)  
  28  2:32  Stalker  
  30  2:38  Probe (Chrono Boost)  
  32  2:45  Probe (Chrono Boost)  
  32  2:48  Probe (Chrono Boost)  
  33  2:52  Probe (Chrono Boost)  
  33  2:53  Probe  
  33  2:54  Robotics Facility  
  35  3:03  Probe  
  35  3:05  Probe  
  37  3:11  Gateway  
  37  3:16  Probe, Dark Shrine  
  37  3:18  Probe  
  39  3:24  Adept  
  41  3:29  Gateway  
  41  3:31  Probe  
  41  3:32  Probe  
  43  3:38  Warp Prism (Chrono Boost)  
  45  3:47  Pylon  
  45  3:50  Probe  
  45  3:54  Pylon, Assimilator  
  46  4:04  Pylon  
  46  4:05  Probe x2, Adept  
  46  4:07  Adept  
  52  4:17  Probe x2  
  54  4:26  Pylon  
  54  4:31  Dark Templar  
  54  4:32  Dark Templar x2  
  60  4:43  Nexus  
  60  4:44  Observer  
  61  4:53  Probe  
  61  4:56  Pylon  
  61  4:59  Pylon  
  58  5:05  Probe  
  59  5:07  Immortal (Chrono Boost)  
  59  5:08  Probe  
  59  5:14  Forge  
  64  5:15  Shield Battery  
  64  5:17  Dark Templar, Archon  
  66  5:21  Archon  
  66  5:22  Shield Battery  
  66  5:23  Probe, Assimilator  
  66  5:24  Probe  
  68  5:28  Dark Templar  
  68  5:35  Probe  
  71  5:39  Immortal  
  75  5:55  Probe x2 (Chrono Boost)  
  77  5:59  Probe (Chrono Boost)  
  77  6:00  Protoss Ground Weapons Level 1 (Chrono Boost)  
  78  6:07  Probe (Chrono Boost)  
  78  6:10  Probe x2 (Chrono Boost)  
  81  6:13  Probe (Chrono Boost)  
  81  6:15  Probe (Chrono Boost)  
  81  6:16  Immortal (Chrono Boost)  
  83  6:21  Gateway  
  83  6:22  Gateway  
  83  6:24  Gateway  
  87  6:25  Probe  
  87  6:29  Probe  
  87  6:30  Probe  
  90  6:33  Assimilator  
  90  6:34  Gateway  
  90  6:38  Probe, Gateway  
  91  6:40  Pylon  
  91  6:42  Assimilator  
  91  6:45  Immortal (Chrono Boost)  
  89  6:49  Probe, Sentry x2  
  89  6:51  Sentry  
  89  6:52  Probe  
  89  6:53  Probe  
  102  6:58  Pylon  
  103  7:01  Probe  
  103  7:16  Probe  
  103  7:19  Probe  
  103  7:20  Immortal (Chrono Boost)  
  103  7:21  Robotics Bay  
  109  7:23  Nexus  
  109  7:25  Probe, Pylon  
  110  7:34  Dark Templar x4  
  118  7:40  Zealot x2, Charge, Archon  
  118  7:41  Archon  
  122  7:50  Zealot, Protoss Ground Weapons Level 2 (Chrono Boost)  
  124  7:52  Pylon  
  124  7:56  Immortal (Chrono Boost), Pylon  
  124  7:57  Probe  
  129  8:09  Photon Cannon  
  129  8:16  Zealot x2, Photon Cannon  
  129  8:18  Shield Battery  
  133  8:24  Disruptor, Zealot x3  
  139  8:28  Shield Battery  
  139  8:29  Zealot  
  132  8:43  Zealot x4  
  140  8:54  Probe, Disruptor  
  144  9:09  Probe  
  143  9:11  Dark Templar x4  
  143  9:13  Blink  
  143  9:16  Archon  
  143  9:17  Archon  
  151  9:20  Disruptor, Gravitic Drive, Pylon  
  151  9:21  Probe  
  151  9:22  Pylon  
  151  9:23  Adept, Pylon  
  154  9:26  Probe x2  
  154  9:29  Zealot  
  154  9:30  Zealot  
  154  9:31  Photon Cannon  
  159  9:33  Zealot  
  161  9:44  Zealot x2  
  163  9:51  Dark Templar x2  
  163  9:52  Dark Templar x2  
  169  9:55  Disruptor  
  169  9:59  Protoss Ground Weapons Level 3 (Chrono Boost)  
  165  10:12  Pylon  
  165  10:14  Pylon  
  163  10:35  Zealot x4  
  156  10:36  Zealot x4  
  156  10:39  Disruptor  
  112  11:06  Nexus  
  112  11:10  Disruptor (Chrono Boost), Dark Templar x5  
  112  11:11  Dark Templar  
  120  11:13  Pylon  
  120  11:17  Archon x3, Photon Cannon  
  120  11:18  Photon Cannon  
  123  11:20  Shield Battery  
  123  11:27  Stalker x2  
  127  11:37  Warp Prism (Chrono Boost)  
  129  11:44  Stalker x6  
  141  11:47  Photon Cannon  
  141  11:54  Dark Templar  
  143  11:56  Dark Templar  
  145  12:04  Assimilator  
  145  12:09  Assimilator  
  145  12:10  Stalker x3  
  145  12:13  Observer  
  150  12:30  Stalker x5  
  150  12:35  Stalker x2  
  154  12:54  Zealot x6  
Tags
 
Add a new tag
Caveats
  • Supply blocks, unpowered buildings, or Contaminate may cause inaccurate times.
  • Supply counts are checked every 10 seconds.